[ AOE2 MATCH · #479796276 ]
UnrankedIncas vs None
Player's team · LOSS
Rival team · WIN
[ REPLAY ANALYSIS · EXTRACTED FROM THE RECORDED GAME ]
Feudal
—
Castle
—
Imperial
—
| APM avg | 10.0 |
| APM peak | 21 |
| eAPM avg | 5.0 |
| Villagers / military | 0 / 0 |
Focus
⚔️ 83.7% · 🌾 16.3%
Feudal
—
Castle
—
Imperial
—
| APM avg | 24.7 |
| APM peak | 42 |
| eAPM avg | 10.4 |
| Villagers / military | 0 / 0 |
Focus
⚔️ 99.5% · 🌾 0.5%
Feudal
—
Castle
—
Imperial
—
| APM avg | 19.9 |
| APM peak | 48 |
| eAPM avg | 4.0 |
| Villagers / military | 0 / 0 |
Focus
⚔️ 100.0% · 🌾 0.0%
Feudal
—
Castle
—
Imperial
—
| APM avg | 62.8 |
| APM peak | 140 |
| eAPM avg | 19.5 |
| Villagers / military | 0 / 2 |
Focus
⚔️ 97.6% · 🌾 2.4%
Cavalry Archer ×2
Feudal
—
Castle
—
Imperial
—
| APM avg | 5.5 |
| APM peak | 22 |
| eAPM avg | 2.6 |
| Villagers / military | 0 / 0 |
Focus
⚔️ 100.0% · 🌾 0.0%
Feudal
—
Castle
—
Imperial
—
| APM avg | 12.3 |
| APM peak | 38 |
| eAPM avg | 3.5 |
| Villagers / military | 0 / 0 |
Focus
⚔️ 75.0% · 🌾 25.0%
Feudal
—
Castle
—
Imperial
—
| APM avg | 12.2 |
| APM peak | 21 |
| eAPM avg | 9.2 |
| Villagers / military | 0 / 0 |
Focus
⚔️ 96.6% · 🌾 3.4%
Feudal
—
Castle
—
Imperial
—
| APM avg | 17.3 |
| APM peak | 28 |
| eAPM avg | 5.4 |
| Villagers / military | 0 / 0 |
Focus
⚔️ 64.3% · 🌾 35.7%
Match map
Initial resources + every placement click. Lines = walls · curves = elevation contours. ◆ gold · ⬟ stone · ● berries · ✦ relic · ◌ wall gap
Your base· Open
RickySuSo's base· Open
Monster Bear's base· ✓ Map-separated
F3R0Ci0U5XX88's base· Open
larkin021's base· ✓ Map-separated
htfsdnsndn's base· Open
14's base· Open
josueyarellano's base· Open
Smoothed initial terrain · ◌ = detected wall gap · hover for details
Inputs per minute
— [VPKT] Tete - - RickySuSo
Build order — [VPKT] Tete
0 actions detected in the replay
Build order — RickySuSo
9 actions detected in the replay
| 5:08 | Research | Bodkin Arrow |
| 5:09 | Research | Leather Archer Armor |
| 5:19 | Research | Ballistics |
| 5:20 | Research | Guard Tower (upgrade) |
| 5:20 | Research | Treadmill Crane |
| 8:00 | Build | Stable |
| 8:03 | Build | Stable |
| 8:10 | Build | Stable |
| 10:10 | Research | Husbandry |
Build order — Monster Bear
4 actions detected in the replay
| 20:19 | Research | Iron Casting |
| 20:20 | Research | Bodkin Arrow |
| 20:20 | Research | Chain Mail Armor |
| 20:21 | Research | Leather Archer Armor |
Build order — F3R0Ci0U5XX88
18 actions detected in the replay
| 5:51 | Build | Archery Range |
| 5:55 | Build | Stable |
| 6:24 | Build | Market |
| 6:29 | Build | Stable |
| 6:31 | Build | Stable |
| 6:39 | Build | Archery Range |
| 6:41 | Build | Archery Range |
| 6:42 | Build | Archery Range |
| 6:43 | Build | Archery Range |
| 9:35 | Research | Bloodlines |
| 9:35 | Research | Bloodlines |
| 22:33 | Research | Iron Casting |
| 22:33 | Research | Leather Archer Armor |
| 22:35 | Research | Chain Barding Armor |
| 22:35 | Research | Bodkin Arrow |
| 22:43 | Research | Ballistics |
| 22:48 | Create | Cavalry Archer |
| 22:49 | Create | Cavalry Archer |
Build order — larkin021
44 actions detected in the replay
| 13:18 | Build | Stable |
| 13:28 | Build | Stable |
| 13:30 | Build | Stable |
| 13:31 | Build | Stable |
| 13:38 | Build | Stable |
| 13:40 | Build | Stable |
| 13:44 | Build | Stable |
| 13:46 | Build | Stable |
| 13:50 | Build | Stable |
| 13:52 | Build | Stable |
| 13:54 | Build | Stable |
| 13:55 | Build | Stable |
| 13:56 | Build | Stable |
| 13:56 | Build | Stable |
| 13:57 | Build | Stable |
| 13:57 | Build | Stable |
| 13:57 | Build | Stable |
| 13:58 | Build | Stable |
| 13:58 | Build | Stable |
| 13:58 | Build | Stable |
| 14:00 | Build | Stable |
| 14:02 | Build | Stable |
| 14:04 | Build | Stable |
| 14:05 | Build | Stable |
| 14:05 | Build | Stable |
| 14:05 | Build | Stable |
| 14:05 | Build | Stable |
| 14:06 | Build | Stable |
| 14:06 | Build | Stable |
| 14:07 | Build | Stable |
| 14:07 | Build | Stable |
| 14:07 | Build | Stable |
| 14:08 | Build | Stable |
| 14:08 | Build | Stable |
| 14:08 | Build | Stable |
| 14:09 | Build | Stable |
| 14:09 | Build | Stable |
| 14:09 | Build | Stable |
| 14:12 | Build | Stable |
| 14:13 | Build | Stable |
| 14:13 | Build | Stable |
| 14:14 | Build | Stable |
| 19:13 | Research | Bloodlines |
| 19:15 | Research | Husbandry |
Build order — htfsdnsndn
6 actions detected in the replay
| 8:55 | Research | Kasbah |
| 9:03 | Research | Bodkin Arrow |
| 9:04 | Research | Leather Archer Armor |
| 9:29 | Research | Guard Tower (upgrade) |
| 9:40 | Research | Guard Tower (upgrade) |
| 9:42 | Research | Treadmill Crane |
Build order — 14
12 actions detected in the replay
| 8:44 | Build | Stone Wall |
| 10:30 | Build | Barracks |
| 11:30 | Build | Watch Tower |
| 11:31 | Build | Watch Tower |
| 11:32 | Build | Watch Tower |
| 11:33 | Build | Watch Tower |
| 13:42 | Build | Watch Tower |
| 13:44 | Build | Watch Tower |
| 15:07 | Research | Iron Casting |
| 15:08 | Research | Chain Mail Armor |
| 15:10 | Research | Arson |
| 21:24 | Build | Stone Wall |
Build order — josueyarellano
17 actions detected in the replay
| 6:47 | Build | Stable |
| 6:50 | Build | Stable |
| 7:44 | Build | Archery Range |
| 7:47 | Build | Archery Range |
| 8:17 | Research | Bloodlines |
| 10:15 | Research | Husbandry |
| 11:46 | Build | Stone Wall |
| 12:42 | Build | Stone Wall |
| 15:00 | Build | Gate |
| 16:30 | Build | Watch Tower |
| 16:31 | Build | Watch Tower |
| 17:18 | Research | Leather Archer Armor |
| 17:19 | Research | Chain Barding Armor |
| 17:20 | Research | Bodkin Arrow |
| 18:02 | Build | Stone Wall |
| 21:32 | Build | Watch Tower |
| 21:34 | Build | Watch Tower |
Match timeline
| 5:51 | F3R0Ci0U5XX88 · first_building Archery Range |
| 5:55 | F3R0Ci0U5XX88 · first_building Stable |
| 6:47 | josueyarellano · first_building Stable |
| 7:44 | josueyarellano · first_building Archery Range |
| 8:00 | RickySuSo · first_building Stable |
| 8:37 | F3R0Ci0U5XX88 · first_market_sell 500 stone |
| 8:40 | F3R0Ci0U5XX88 · first_market_buy 100 wood |
| 8:44 | 14 · wall_segment Stone Wall x14 |
| 10:30 | 14 · first_building Barracks |
| 11:46 | josueyarellano · wall_segment Stone Wall x20 |
| 12:42 | josueyarellano · wall_segment Stone Wall x21 |
| 13:18 | larkin021 · first_building Stable |
| 18:02 | josueyarellano · wall_segment Stone Wall x3 |
| 20:22 | [VPKT] Tete · resign |
| 21:24 | 14 · wall_segment Stone Wall x15 |
[ AI ANALYSIS · 1 CREDIT ]
What really happened in this match?
Wolo.gg analyzes every decision: build order, eco, micro, common mistakes by bracket. Personalized analysis on WhatsApp or Discord in 30 seconds.
Civ guide
Incas
Perfil
Jugador #1742652